 Dungeon Crawl Stone Soup version 0.17.0-26-gececa24 (webtiles) character file.

377837 MDvedh the Champion of Chaos (level 21, -3/187 HPs)
             Began as a Deep Dwarf Fighter on Nov 20, 2015.
             Was the Champion of Makhleb.
             Killed from afar by an ancient lich (60 damage)
             ... with an iron shot
             ... on level 4 of the Vaults.
             The game lasted 01:42:37 (40548 turns).

MDvedh the Champion of Chaos (Deep Dwarf Fighter)  Turns: 40548, Time: 01:42:37

Health: -3/187     AC: 16    Str: 27    XL:     21   Next: 83%
Magic:  23/26      EV: 18    Int: 11    God:    Makhleb [******]
Gold:   1094       SH: 13    Dex: 22    Spells: 1 memorised, 18 levels left

rFire  + + .     SeeInvis .     x - +9 broad axe (flame)
rCold  + . .     Clarity  +     B - +0 crystal plate armour
rNeg   + + .     SustAt   .     T - +4 buckler of Fortification {rElec}
rPois  .         Gourm    .     C - +0 helmet
rElec  +         Spirit   .     a - +1 cloak of the Forsaken Tales {rF+}
rCorr  .         Warding  .     O - +0 pair of gloves of the Purple Skies {rN+ Dex+7}
rMut   .         Stasis   .     X - +0 pair of boots
MR     +++++                    J - amulet of clarity
Stlth  ..........               W - ring of protection from cold
                                c - ring of protection from fire

@: corroded equipment, non-regenerating, almost entirely resistant to hostile
enchantments, extremely unstealthy
A: damage resistance, recharge devices, talons 1, slimy green scales 1, agile 1,
blurry vision 1, deformed body, frail 1, magic resistance 2, negative energy
resistance 1, sense surroundings 3, shaggy fur 1, slow regeneration 3,
MP-powered wands
a: Device Recharging, Minor Destruction, Lesser Servant of Makhleb, Major
Destruction, Greater Servant of Makhleb, Renounce Religion
}: 2/15 runes: decaying, gossamer


You were on level 4 of the Vaults.
You worshipped Makhleb.
Makhleb was exalted by your worship.
You were not hungry.

You visited 9 branches of the dungeon, and saw 48 of its levels.
You visited 1 bazaar.
You also visited: Labyrinth, Ossuary, Ice Cave and Volcano.

You collected 5267 gold pieces.
You spent 4173 gold pieces at shops.

Inventory:

Hand Weapons
 x - a +9 broad axe of flaming (weapon)
Armour
 a - the +1 cloak of the Forsaken Tales (worn) {rF+}
   (You found it on level 9 of the Dungeon)

   It protects you from fire.
 B - a +0 crystal plate armour (worn)
 C - a +0 helmet (worn)
 O - the +0 pair of gloves of the Purple Skies (worn) {rN+ Dex+7}
   (You acquired it on level 2 of the Elven Halls)

   It affects your dexterity (+7).
   It protects you from negative energy.
 T - the +4 buckler of Fortification (worn) {rElec}
   (You found it on level 3 of the Swamp)

   It insulates you from electricity.
 X - a +0 pair of boots (worn)
Jewellery
 c - a ring of protection from fire (left hand)
 t - an uncursed ring of flight
 J - an amulet of clarity (around neck)
 K - an uncursed ring of poison resistance
 Q - an uncursed amulet of resist corrosion
 W - a ring of protection from cold (right hand)
Wands
 d - a wand of invisibility (3)
 e - a wand of heal wounds (8)
 H - a wand of teleportation (3)
 L - a wand of digging (10)
 R - a wand of heal wounds (4)
 Y - a wand of disintegration (15)
Scrolls
 i - 6 scrolls of recharging
 n - 6 scrolls of identify
 p - 8 scrolls of enchant armour
 q - 4 scrolls of fog
 u - 20 scrolls of teleportation
 v - 3 scrolls of blinking
 y - 7 scrolls of immolation
 A - 4 scrolls of magic mapping
 N - a scroll of amnesia
 P - 12 scrolls of remove curse
 U - 3 scrolls of fear
Potions
 b - 2 potions of brilliance
 g - a potion of agility
 h - 2 potions of magic
 m - 16 potions of curing
 r - 5 potions of haste
 s - 6 potions of flight
 w - 5 potions of heal wounds
 F - 5 potions of cancellation
 G - 8 potions of resistance
 I - a potion of might
Miscellaneous
 V - a lamp of fire
Comestibles
 f - 4 chunks of flesh
 j - 18 slices of pizza
 k - 35 fruits
 l - a meat ration
 o - 16 beef jerkies
 S - 12 bread rations


   Skills:
 + Level 17.2 Fighting
 + Level 19.1 Axes
 + Level 17.1 Armour
 + Level 16.3 Dodging
 - Level 15.5 Shields
 + Level 20.0 Invocations


You had 18 spell levels left.
You knew the following spells:

 Your Spells              Type           Power        Failure   Level  Hunger
a - Blink                 Tloc           N/A          100%        2    ###....


Dungeon Overview and Level Annotations

Branches:
Dungeon (15/15)            Temple (1/1) D:7            Lair (8/8) D:9
  Swamp (4/4) Lair:6       Spider (4/4) Lair:4        Slime (4/6) Lair:6
    Orc (4/4) D:11            Elf (3/3) Orc:4        Vaults (5/5) D:13
  Crypt (0/3) Vaults:3     Depths (0/5) D:15

Altars:
Ashenzari
Cheibriados
Dithmenos
Elyvilon
Fedhas
Gozag
Kikubaaqudgha
Makhleb
Nemelex Xobeh
Okawaru
Qazlal
Ru
Sif Muna
Trog
Vehumet
Xom
Yredelemnul
Zin
The Shining One
Jiyva

Shops:
D:14 [[[   Orc:3 %   Orc:4 =*:(   Elf:2 %(%?=   Vaults:1 }

Annotations:
Lair:1 1 exclusion
Lair:7 Rupert
Swamp:4 exclusion: oklob plant, Mara
Elf:2 5 runed doors


Innate Abilities, Weirdness & Mutations

You are resistant to damage.
You can recharge devices by infusing magical energy.
You resist negative energy.
You passively map a large area around you.
You do not regenerate naturally.
You have sharp toenails.
You are partially covered in slimy green scales (AC +2).
You are agile. (Dex +2)
Scrolls take you a little longer to read.
Armour fits poorly on your strangely shaped body.
You are frail (-10% HP).
You are highly resistant to hostile enchantments.
You are covered in fur (AC +1).
You expend magic power (3 MP) to strengthen your wands.


Message History

The ancient lich is moderately damaged.
The ancient lich points at you and mumbles some strange words.
The bolt of acid hits you!
* * * LOW HITPOINT WARNING * * *
The acid corrodes you!
The acid burns!
* * * LOW HITPOINT WARNING * * *
The large abomination closely misses you.
You are too injured to fight recklessly!
You are too injured to fight recklessly!
You are too injured to fight recklessly!
Drink which item? (? for menu, Esc to quit)
Okay, then.
Evoke which item? (* to show all) (? for menu, Esc to quit)
Zapping:
e - a wand of heal wounds (9)
Press: ? - help, Shift-Dir - straight line, f - you You feel much better.
This wand has 8 charges left.
You block the ancient lich's attack. The large abomination hits you!!
The ancient lich casts a spell at you. The iron shot hits you!
You die...

.............#......##........#..
.............#########........##.
.........)...# #........###
.............#########........# #
#########....##......#........#
........#....##......#........#
........#....##......#........# #
.....<..#....##[[[...#........# #
........'....##X@[...#........# #
........#....##[)L...#........# #
........#....##......'........# #
#########....##......#........# #
....)))......##..[...#........# #
#####[##.....##......#........# #
.......#.....#########........# #
.......#.[...# #........# #
....<..#.....# #........# #


You could see an ancient lich and a large abomination.

Vanquished Creatures
  2 ancient liches
  Boris (Vaults:3)
  Norris (Elf:3)
  Nikola (Spider:3)
  Jory (Vaults:3)
  A bone dragon (Swamp:4)
  Arachne (Spider:3)
  Jorgrun (Vaults:1)
  2 deep elf master archers (Elf:3)
  2 deep elf blademasters (Elf:3)
  4 sphinxes
  2 thorn hunters
  A tengu reaver (Vaults:4)
  Kirke (Lair:6)
  A storm dragon (Vaults:4)
  Donald (Swamp:4)
  5 fire giants
  5 deep elf sorcerers
  8 vault wardens
  A frost giant (Vaults:5)
  Aizul (Spider:1)
  A large abomination (Vaults:5)
  4 ghost moths (Spider:4)
  6 emperor scorpions
  5 very ugly things
  A war gargoyle (Vaults:2)
  16 ironheart preservers
  8 deep elf demonologists
  7 stone giants
  10 deep elf annihilators
  2 ettins
  Snorg (Orc:4)
  4 deep elf high priests
  7 deep elf death magi
  A minotaur (Lab)
  2 jiangshi (Vaults:3)
  21 vault guards
  15 ogre magi
  13 yaktaur captains
  2 rakshasas (Vaults:1)
  An entropy weaver (Spider:3)
  2 catoblepae
  3 ghost crabs (Swamp:4)
  5 great orbs of eyes
  2 ice dragons
  15 hydras
  5 dancing weapons
  A death yak (Lair:6)
  3 deep troll shamans
  9 centaur warriors
  10 alligators
  4 deep troll earth magi
  A storm dragon zombie (D:15)
  2 fire crabs
  2 shadow wraiths
  18 deep elf knights
  4 small abominations (Vaults:5)
  A salamander mystic (Volcano)
  2 flayed ghosts
  11 skeletal warriors
  A hell knight (Vaults:2)
  17 deep trolls
  10 deep elf summoners
  2 unseen horrors (Vaults:1)
  3 shambling mangroves
  2 spectral hydras (Swamp:4)
  A necromancer (D:15)
  10 orc knights
  2 swamp dragons
  Pikel (D:7)
  15 ironbrand convokers
  4 phantasmal warriors
  10 hill giants
  15 deep elf conjurers
  7 cyclopes
  A lindwurm (shapeshifter) (Vaults:1)
  4 lindwurms (D:14)
  A shining eye (Slime:3)
  A wolf spider zombie (D:15)
  15 wolf spiders
  5 salamanders (Volcano)
  8 orb spiders
  7 griffons
  4 orc sorcerers
  5 manticores
  5 hornets
  43 ugly things
  3 gargoyles
  A fire giant skeleton (D:15)
  A guardian serpent (shapeshifter) (Vaults:2)
  5 black mambas
  An octopode (shapeshifter) (Vaults:2)
  2 ice statues (IceCv)
  6 vault sentinels
  14 spiny frogs
  A kobold demonologist (Vaults:1)
  7 komodo dragons
  12 demonic crawlers
  5 swamp worm zombies (Swamp:4)
  32 yaktaurs
  4 fire drakes
  13 deep elf priests
  4 hydra zombies (Swamp:4)
  20 jumping spiders
  2 spriggan druids
  6 polar bears (Lair:8)
  15 trolls
  A jumping spider (shapeshifter) (D:15)
  4 freezing wraiths
  A harpy skeleton (D:13)
  29 two-headed ogres
  48 slime creatures
  6 giant leeches
  4 boulder beetles
  6 bog bodies
  A snapping turtle (shapeshifter) (Vaults:2)
  3 spectral swamp dragons (Swamp:4)
  2 alligator zombies (Swamp:4)
  3 shadows
  A wraith (D:11)
  14 blink frogs
  24 spriggans
  25 deep elf magi
  Sigmund (D:4)
  A tarantella (shapeshifter) (Vaults:4)
  11 wyverns
  2 vampires (Vaults:3)
  13 trapdoor spiders
  A human (D:7)
  29 yaks
  5 hungry ghosts
  58 redbacks
  17 tarantellas
  A wyvern (shapeshifter) (Elf:2)
  A steam dragon (D:13)
  10 hippogriffs
  A human (shapeshifter) (Vaults:4)
  2 golden eyes (Slime:1)
  4 mottled dragons
  44 vampire mosquitoes
  28 deep elf fighters
  19 swamp worms
  A yaktaur simulacrum (Vaults:2)
  6 hogs (Lair:6)
  8 basilisks
  4 wargs
  23 wolves
  3 hell hounds (Lair:6)
  A water moccasin (shapeshifter) (D:15)
  6 insubstantial wisps (Swamp:4)
  8 porcupines
  Duvessa (D:4)
  7 black bears
  19 orc warriors
  27 centaurs
  3 swamp drakes
  10 water moccasins
  10 ice beasts
  19 spiders
  9 phantoms
  2 slaves (D:7)
  8 boggarts
  2 eyes of draining
  7 sky beasts
  3 swamp dragon zombies (Swamp:4)
  20 wasps
  58 ogres
  11 crocodiles
  3 big kobolds
  Blork the orc (D:6)
  A yaktaur zombie (D:15)
  Dowan (D:4)
  22 giant frogs
  27 killer bees
  A tengu zombie (D:15)
  18 wights
  4 scorpions
  A quasit (D:10)
  3 centaur skeletons
  8 crimson imps
  A giant frog zombie (D:6)
  7 centaur zombies
  A giant frog skeleton (D:6)
  5 hounds
  23 orc priests
  10 jellies
  11 worker ants
  40 orc wizards
  2 spectral swamp drakes (Swamp:4)
  7 iguanas
  2 big kobold zombies (Ossuary)
  9 sheep
  2 hound zombies
  A hound skeleton (D:4)
  3 mummies (Ossuary)
  A worker ant zombie (D:10)
  12 adders
  3 gnolls (D:3)
  A swamp drake zombie (Swamp:4)
  54 river rats
  4 shadow imps
  An ooze (D:1)
  An adder zombie (D:9)
  2 adder skeletons
  4 worms
  9 giant geckos
  192 orcs
  7 giant cockroaches
  7 goblins
  8 hobgoblins
  11 jackals
  19 kobolds
  6 quokkas
  A ball python (D:1)
  14 bats
  2 giant gecko skeletons
  4 giant newts
  2 gnoll zombies (Ossuary)
  A jackal zombie (D:8)
  2 kobold zombies (Ossuary)
  2 orc zombies (Ossuary)
  A quokka skeleton (D:9)
  18 rats
  A spectral orc (D:6)
  7 briar patches (Swamp:3)
  A butterfly (Lair:5)
  4 crawling corpses
  5 fungi
  2 plants (Lair:6)
1942 creatures vanquished.

Vanquished Creatures (collateral kills)
  A vault warden (Vaults:5)
  3 vault guards (Vaults:5)
  A deep elf fighter (Vaults:5)
5 creatures vanquished.

Vanquished Creatures (others)
  An ancient lich (Vaults:4)
  2 vault guards
  A shadow wraith (Vaults:5)
  An orb spider (Spider:4)
  A fire drake (Lair:6)
  An insubstantial wisp (Swamp:4)
  An ogre (Vaults:1)
  A giant gecko (D:7)
  A briar patch (Swamp:3)
  17 eldritch tentacle segments (Vaults:5)
  8 fungi
  2 plants (Lair:7)
37 creatures vanquished.

Grand Total: 1984 creatures vanquished

Notes
Turn   | Place    | Note
--------------------------------------------------------------
     0 | D:1      | MDvedh the Deep Dwarf Fighter began the quest for the Orb.
     0 | D:1      | Reached XP level 1. HP: 20/20 MP: 1/1
   141 | D:1      | Reached XP level 2. HP: 24/27 MP: 2/2
   535 | D:1      | Reached XP level 3. HP: 26/33 MP: 3/3
   769 | D:1      | Reached skill level 4 in Axes
   899 | D:2      | Found an iron altar of Okawaru.
  1166 | D:2      | Found an opulent altar of Gozag.
  1494 | D:2      | Reached XP level 4. HP: 36/40 MP: 4/4
  1756 | D:3      | Reached skill level 5 in Axes
  1784 | D:3      | Found a white marble altar of Elyvilon.
  2298 | D:4      | Noticed a phantom
  2298 | D:4      | Reached XP level 5. HP: 41/46 MP: 5/5
  2321 | D:3      | Reached skill level 6 in Axes
  2369 | D:3      | Killed a phantom
  2369 | D:3      | Reached skill level 7 in Axes
  2369 | D:3      | Reached XP level 6. HP: 40/55 MP: 6/6
  2400 | D:4      | Found an iron altar of Okawaru.
  2418 | D:4      | Noticed Sigmund
  2422 | D:4      | Noticed Duvessa
  2427 | D:4      | Noticed Dowan
  2431 | D:5      | Entered Level 5 of the Dungeon
  2502 | D:4      | Killed Duvessa
  2502 | D:4      | Reached skill level 8 in Axes
  2513 | D:4      | Killed Dowan
  2529 | D:4      | Killed Sigmund
  2529 | D:4      | Reached skill level 9 in Axes
  2529 | D:4      | Reached XP level 7. HP: 26/61 MP: 6/6
  2557 | D:4      | Found a glowing silver altar of Zin.
  2611 | D:5      | Found a sand-covered staircase.
  2623 | Ossuary  | Entered an ossuary
  3147 | D:5      | Reached skill level 10 in Axes
  3183 | D:5      | Reached XP level 8. HP: 42/68 MP: 7/7
  3810 | D:6      | Found a blossoming altar of Fedhas.
  3879 | D:6      | Noticed Blork the orc
  3885 | D:6      | Reached skill level 11 in Axes
  3891 | D:6      | Killed Blork the orc
  4240 | D:6      | Reached skill level 12 in Axes
  4330 | D:6      | Found a basalt altar of Yredelemnul.
  4398 | D:7      | Noticed Pikel
  4411 | D:7      | Gained mutation: You passively map the area around you. [Deep Dwarf growth]
  4411 | D:7      | Reached XP level 9. HP: 27/74 MP: 8/8
  4459 | D:7      | Killed Pikel
  4459 | D:7      | Reached skill level 13 in Axes
  4627 | D:7      | Reached skill level 14 in Axes
  4729 | D:7      | Found a staircase to the Ecumenical Temple.
  4738 | Temple   | Entered the Ecumenical Temple
  4748 | Temple   | Became a worshipper of Makhleb the Destroyer
  5146 | D:8      | Reached * piety under Makhleb
  5448 | D:8      | Reached skill level 15 in Axes
  5448 | D:8      | Reached XP level 10. HP: 50/81 MP: 8/8
  5842 | D:9      | HP: 1/81 [two-headed ogre/giant spiked club (21)]
  5861 | D:9      | Reached ** piety under Makhleb
  6355 | D:9      | Found a staircase to the Lair.
  6368 | D:9      | Reached *** piety under Makhleb
  6372 | D:9      | Got a distressingly furry cloak
  6383 | D:9      | Identified the +1 cloak of the Forsaken Tales {rF+} (You found it on level 9 of the Dungeon)
  6435 | D:9      | Reached skill level 16 in Axes
  6575 | D:9      | Found a shattered altar of Ashenzari.
  6854 | Lair:1   | Entered Level 1 of the Lair of Beasts
  7238 | Lair:1   | Noticed a four-headed hydra
  7265 | Lair:1   | Killed a four-headed hydra
  7265 | Lair:1   | Reached skill level 17 in Axes
  7554 | Lair:1   | Reached XP level 11. HP: 57/88 MP: 8/8
  7754 | Lair:1   | Reached **** piety under Makhleb
  9212 | Lair:3   | Reached skill level 18 in Axes
  9658 | Lair:3   | Reached skill level 5 in Shields
  9728 | Lair:3   | Noticed an eight-headed hydra
  9802 | Lair:3   | Killed an eight-headed hydra
  9802 | Lair:3   | Reached skill level 5 in Armour
  9843 | Lair:3   | Noticed a catoblepas
  9853 | Lair:3   | Killed a catoblepas
 10312 | Lair:4   | Reached ***** piety under Makhleb
 10570 | Lair:4   | Found a hole to the Spider Nest.
 10582 | Lair:4   | Reached XP level 12. HP: 65/96 MP: 4/4
 11729 | Lair:6   | Found a staircase to the Slime Pits.
 11733 | Lair:6   | Found a viscous altar of Jiyva.
 11735 | Lair:6   | Noticed a five-headed hydra
 11735 | Lair:6   | Noticed a seven-headed hydra
 11736 | Lair:6   | Noticed a four-headed hydra
 11745 | Lair:6   | Killed a two-headed hydra
 11745 | Lair:6   | Reached skill level 10 in Shields
 11748 | Lair:6   | Killed a one-headed hydra
 11756 | Lair:6   | Killed a one-headed hydra
 11970 | Lair:6   | Noticed Kirke
 12404 | Lair:7   | Found a dark tunnel.
 12411 | Volcano  | Entered a volcano
 12468 | Volcano  | Reached XP level 13. HP: 52/102 MP: 4/4
 12557 | Volcano  | Reached ****** piety under Makhleb
 13203 | Lair:7   | Noticed Rupert
 13241 | Lair:8   | Entered Level 8 of the Lair of Beasts
 13241 | Lair:8   | Found a labyrinth entrance.
 13247 | Lab      | Entered a labyrinth
 13447 | Lab      | Identified the Catalogue of Augmentations
 13458 | Lab      | Identified Zaohapio's Compendium of Excruciating Sinister Rites
 13544 | Lair:8   | Reached skill level 10 in Armour
 15034 | D:10     | Entered Level 10 of the Dungeon
 15141 | D:10     | Gained mutation: You are dopey. (Int -2) [mutagenic meat]
 15142 | D:10     | Gained mutation: Scrolls take you a little longer to read. [mutagenic meat]
 15143 | D:10     | Gained mutation: Your body sometimes deteriorates upon taking damage. [mutagenic meat]
 15188 | D:10     | Gained mutation: You are agile. (Dex +2) [potion of beneficial mutation]
 15189 | D:10     | Gained mutation: You are weak. (Str -2) [potion of mutation]
 15189 | D:10     | Gained mutation: You are resistant to hostile enchantments. [potion of mutation]
 15299 | D:10     | Reached skill level 15 in Shields
 15720 | D:11     | Gained mutation: You resist negative energy. [Deep Dwarf growth]
 15720 | D:11     | Reached XP level 14. HP: 109/109 MP: 5/5
 15912 | D:11     | Found a staircase to the Orcish Mines.
 16085 | D:11     | Found a shimmering altar of Xom.
 16085 | D:11     | Found a shimmering altar of Xom.
 16088 | D:11     | Found a shimmering altar of Xom.
 16088 | D:11     | Found a shimmering altar of Xom.
 16407 | Orc:1    | Entered Level 1 of the Orcish Mines
 16415 | Orc:1    | Reached skill level 1 in Invocations
 16888 | Orc:3    | Found a frozen archway.
 16916 | IceCv    | Entered an ice cave
 17008 | Orc:3    | Found a bloodstained altar of Trog.
 17053 | Orc:3    | Found Xabaa's Food Emporium.
 17488 | Orc:4    | Entered Level 4 of the Orcish Mines
 17488 | Orc:4    | Found Estroax Duna's Antique Weapon Boutique.
 17488 | Orc:4    | Found Xoiskun's Book Shop.
 17571 | Orc:4    | Found a staircase to the Elven Halls.
 17627 | Orc:4    | Reached skill level 5 in Fighting
 17765 | Orc:4    | Reached skill level 5 in Invocations
 17853 | Orc:4    | Found Ishinach's General Store.
 17866 | Orc:4    | Found Iggonaenn's Jewellery Boutique.
 17877 | Orc:4    | Bought a potion of curing for 33 gold pieces
 17908 | Orc:4    | Noticed Snorg
 17931 | Orc:4    | Killed Snorg
 18138 | Orc:4    | Bought an uncursed amulet of resist corrosion for 320 gold pieces
 18138 | Orc:4    | Bought a cursed -2 ring of dexterity for 32 gold pieces
 18144 | Orc:4    | Bought 3 scrolls of torment for 247 gold pieces
 19774 | D:12     | Gained mutation: You are covered in fur (AC +1). [mutagenic meat]
 20703 | D:13     | Found a gate to the Vaults.
 20708 | D:13     | Reached XP level 15. HP: 125/134 MP: 11/11
 21965 | D:14     | Found Rofogodd's Armour Shop.
 22029 | D:14     | Reached skill level 10 in Fighting
 22196 | D:14     | Reached skill level 10 in Invocations
 22308 | D:14     | Found a blossoming altar of Fedhas.
 22336 | D:14     | Found Dyterac's Armour Boutique.
 22557 | D:15     | Entered Level 15 of the Dungeon
 22647 | D:15     | Found a staircase to the Depths.
 22817 | D:15     | Found a glowing golden altar of the Shining One.
 22817 | D:15     | Found a sparkling altar of Nemelex Xobeh.
 22831 | D:15     | Noticed a sphinx
 22853 | D:15     | Killed a sphinx
 23050 | D:15     | Lost mutation: You are weak. (Str -2) [mutagenic meat]
 23528 | D:14     | Found Seibos's Armour Boutique.
 23540 | D:14     | Learned a level 2 spell: Blink
 23540 | D:14     | Bought a +2 chain mail of poison resistance for 314 gold pieces
 23963 | Lair:6   | Killed Kirke
 23963 | Lair:6   | Reached XP level 16. HP: 152/152 MP: 15/15
 24014 | Lair:6   | Found a staircase to the Swamp.
 24047 | Swamp:1  | Entered Level 1 of the Swamp
 25234 | Swamp:3  | Got an ichor-stained buckler
 25258 | Swamp:3  | Identified the +4 buckler of Fortification {rElec} (You found it on level 3 of the Swamp)
 25369 | Swamp:3  | Got a heavily runed bone ring
 25377 | Swamp:3  | Identified the ring "Tuyjace" {MR+ Dex+3} (You found it on level 3 of the Swamp)
 25718 | Swamp:3  | Reached skill level 1 in Dodging
 25997 | Swamp:4  | Entered Level 4 of the Swamp
 26243 | Swamp:4  | Noticed Donald
 26247 | Swamp:4  | Noticed a bone dragon
 26330 | Swamp:4  | Killed a bone dragon
 26330 | Swamp:4  | Reached skill level 5 in Dodging
 26366 | Swamp:4  | Killed Donald
 26381 | Swamp:4  | Reached XP level 17. HP: 165/165 MP: 18/18
 26400 | Swamp:4  | Got a decaying rune of Zot
 26499 | Swamp:4  | Noticed Mara
 26517 | Swamp:4  | Noticed MDvedh's illusion
 26690 | Spider:1 | Entered Level 1 of the Spider Nest
 27230 | Spider:1 | Noticed Aizul
 27245 | Spider:1 | Killed Aizul
 27776 | Spider:2 | Lost mutation: You are dopey. (Int -2) [potion of beneficial mutation]
 27777 | Spider:2 | Gained mutation: You are highly resistant to hostile enchantments. [potion of beneficial mutation]
 27778 | Spider:2 | Gained mutation: You are partially covered in slimy green scales (AC +2). [potion of beneficial mutation]
 28741 | Spider:3 | Noticed Nikola
 28753 | Spider:3 | Killed Nikola
 29015 | Spider:3 | Noticed Arachne
 29046 | Spider:3 | Killed Arachne
 29454 | Spider:4 | Entered Level 4 of the Spider Nest
 29711 | Spider:4 | Gained mutation: Your muscles are strong. (Str +2) [mutagenic meat]
 29827 | Spider:4 | Got a gossamer rune of Zot
 29898 | Spider:4 | Reached skill level 15 in Invocations
 29929 | Spider:4 | Gained mutation: You have sharp toenails. [mutagenic meat]
 30691 | Vaults:1 | Entered Level 1 of the Vaults
 30702 | Vaults:1 | Reached skill level 10 in Dodging
 30762 | Vaults:1 | Gained mutation: You passively map a large area around you. [Deep Dwarf growth]
 30762 | Vaults:1 | Reached XP level 18. HP: 176/176 MP: 20/20
 30847 | Vaults:1 | Noticed Jorgrun
 30859 | Vaults:1 | Killed Jorgrun
 30888 | Vaults:1 | Found Ymosoic's Gadget Shoppe.
 31065 | Vaults:1 | Lost mutation: Your body sometimes deteriorates upon taking damage. [mutagenic meat]
 31066 | Vaults:1 | Lost mutation: You are agile. (Dex +2) [mutagenic meat]
 32108 | Vaults:2 | Found a flickering gateway to a bazaar.
 32143 | Bazaar   | Entered a bazaar
 32143 | Bazaar   | Found Ajerist's Magic Scroll Boutique.
 32143 | Bazaar   | Found Tezxiss's Food Boutique.
 32166 | Bazaar   | Found Heijag's Antique Weapon Shoppe.
 32173 | Bazaar   | Found Sosch's Jewellery Emporium.
 32181 | Bazaar   | Bought an uncursed ring of poison resistance for 140 gold pieces
 32184 | Bazaar   | Found Zodita's Assorted Antiques.
 32192 | Bazaar   | Bought a scroll of identify for 38 gold pieces
 32192 | Bazaar   | Bought a scroll of enchant weapon for 142 gold pieces
 32192 | Bazaar   | Bought a wand of heal wounds for 456 gold pieces
 32229 | Bazaar   | Bought a scroll of fog for 18 gold pieces
 32229 | Bazaar   | Bought a scroll of fear for 31 gold pieces
 32229 | Bazaar   | Bought a scroll of magic mapping for 31 gold pieces
 32229 | Bazaar   | Bought a scroll of teleportation for 27 gold pieces
 32229 | Bazaar   | Bought a scroll of identify for 18 gold pieces
 32229 | Bazaar   | Bought a scroll of teleportation for 27 gold pieces
 32229 | Bazaar   | Bought a scroll of fear for 31 gold pieces
 32522 | Vaults:2 | Reached skill level 15 in Fighting
 33278 | Vaults:3 | Noticed Boris
 33298 | Vaults:3 | Killed Boris
 33298 | Vaults:3 | Reached XP level 19. HP: 186/186 MP: 22/22
 33611 | Vaults:3 | Noticed Jory
 33631 | Vaults:3 | Killed Jory
 33717 | Vaults:3 | Found a staircase to the Crypt.
 34384 | Vaults:3 | Reached skill level 15 in Armour
 34709 | Vaults:4 | Gained mutation: Your body sometimes deteriorates upon taking damage. [mutagenic meat]
 35331 | Vaults:4 | Reached XP level 20. HP: 196/196 MP: 23/23
 35887 | Vaults:4 | Gained mutation: You are agile. (Dex +2) [mutagenic meat]
 35892 | Vaults:4 | Lost mutation: Your muscles are strong. (Str +2) [mutagenic meat]
 35894 | Vaults:4 | Lost mutation: Your body sometimes deteriorates upon taking damage. [mutagenic meat]
 35895 | Vaults:4 | Gained mutation: You expend magic power (3 MP) to strengthen your wands. [mutagenic meat]
 36238 | Elf:1    | Entered Level 1 of the Elven Halls
 37253 | Elf:2    | Found Xihiotzo's Jewellery Shop.
 37316 | Elf:2    | Found Nibef's Food Shop.
 37378 | Elf:2    | Found Yklilirch's Weapon Boutique.
 37426 | Elf:2    | Found Hibised's Magic Scroll Emporium.
 37433 | Elf:2    | Bought a scroll of identify for 36 gold pieces
 37433 | Elf:2    | Bought a scroll of acquirement for 936 gold pieces
 37435 | Elf:2    | Got a pair of fine gloves
 37446 | Elf:2    | Identified the +0 pair of gloves of the Purple Skies {rN+ Dex+7} (You acquired it on level 2 of the Elven Halls)
 37447 | Elf:2    | Bought a scroll of acquirement for 936 gold pieces
 37465 | Elf:2    | Found Akhoen's Food Shop.
 37540 | Elf:2    | Bought a scroll of brand weapon for 360 gold pieces
 37846 | Elf:2    | Found a huge runed gate.
 37846 | Elf:2    | Found a huge runed gate.
 37846 | Elf:2    | Found a huge runed gate.
 37847 | Elf:2    | Found a huge runed gate.
 37847 | Elf:2    | Found a huge runed gate.
 37930 | Elf:3    | Entered Level 3 of the Elven Halls
 38199 | Elf:3    | Reached skill level 15 in Dodging
 38298 | Elf:3    | Got a wavering sapphire amulet
 38300 | Elf:3    | Got a warped plate armour
 38303 | Elf:3    | Identified the amulet "Iganaim" {Stasis rPois rC+ Stlth+} (You found it on level 3 of the Elven Halls)
 38306 | Elf:3    | Identified the +9 plate armour of Demons {*Contam rN+++ MR+} (You found it on level 3 of the Elven Halls)
 38504 | Elf:3    | Reached skill level 19 in Invocations
 38522 | Elf:3    | Got a slimy platinum amulet
 38563 | Elf:3    | Got a brightly glowing ring mail
 38566 | Elf:3    | Identified the amulet "Xiseosad" {+Rage rElec Int+2} (You took it off a deep elf mage on level 3 of the Elven Halls)
 38569 | Elf:3    | Identified the +4 ring mail of the Commoners {*Drain rC+ MR++ Str+4} (You found it on level 3 of the Elven Halls)
 38870 | Elf:3    | Noticed Norris
 38890 | Elf:3    | Killed Norris
 38890 | Elf:3    | Reached XP level 21. HP: 163/206 MP: 25/25
 39628 | Slime:1  | Entered Level 1 of the Pits of Slime
 39717 | Slime:3  | Gained mutation: Armour fits poorly on your strangely shaped body. [a shining eye]
 39721 | Slime:3  | Gained mutation: You are frail (-10% HP). [a shining eye]
 40395 | Vaults:5 | Entered Level 5 of the Vaults
 40402 | Vaults:5 | Noticed an ancient lich
 40406 | Vaults:5 | Noticed an ancient lich
 40426 | Vaults:4 | Killed an ancient lich
 40446 | Vaults:4 | Killed an ancient lich
 40516 | Vaults:5 | Noticed an ancient lich
 40522 | Vaults:5 | Noticed an ancient lich
 40534 | Vaults:5 | Killed an ancient lich
 40534 | Vaults:5 | Reached skill level 20 in Invocations
 40548 | Vaults:4 | Killed from afar by an ancient lich

Action                   |  1- 3 |  4- 6 |  7- 9 | 10-12 | 13-15 | 16-18 | 19-21 || total
-------------------------+-------+-------+-------+-------+-------+-------+-------++-------
Melee: War axe           |   134 |   158 |   175 |       |       |       |       ||   467
       Broad axe         |       |       |   298 |  1072 |  1868 |  1729 |  1194 ||  6161
       Trident           |       |       |       |    81 |       |       |       ||    81
       Unarmed           |       |       |       |     3 |       |       |       ||     3
Throw: Throwing net      |       |       |       |       |       |     3 |       ||     3
Invok: Greater Servant o |       |       |       |       |       |       |     4 ||     4
 Abil: Device Recharging |       |     1 |     1 |     7 |       |       |       ||     9
Evoke: Wand              |     1 |     5 |     8 |    27 |     2 |     3 |     1 ||    47
  Use: Scroll            |       |     6 |     6 |    17 |    10 |    19 |    11 ||    69
       Potion            |       |     1 |       |     5 |     7 |     7 |     7 ||    27
 Stab: Confused          |       |       |       |       |     1 |       |       ||     1
       Petrifying        |       |       |       |       |     1 |       |       ||     1
       Invisible         |       |       |       |       |       |    14 |       ||    14
       Held in net/web   |       |       |       |       |       |     3 |       ||     3
  Eat: Chunk             |     1 |     3 |     3 |     7 |    26 |    17 |    16 ||    73
       Bread ration      |       |     1 |     1 |     3 |     2 |       |       ||     7
       Meat ration       |       |       |       |     1 |     3 |     5 |     4 ||    13
       Pizza             |       |       |       |       |     2 |       |       ||     2
       Royal jelly       |       |       |       |       |       |       |     1 ||     1
